 Dungeon Crawl Stone Soup version 0.30-a0-719-gcc4359ea44 (webtiles) character file.

Game seed: 9902183736958336757

41 Absynth the Poker (level 3, 0/28 HPs)
             Began as a Demonspawn Gladiator on Jan 26, 2023.
             Killed from afar by an orc wizard (9 damage)
             ... with a magic dart
             ... on level 2 of the Dungeon.
             The game lasted 00:01:13 (577 turns).

Absynth the Poker (Demonspawn Gladiator)             Turns: 577, Time: 00:01:14

Health: 0/28       AC: 10    Str: 16    XL:     3   Next: 32%
Magic:  3/3        EV: 12    Int:  9    God:
Gold:   59         SH:  0    Dex: 14    Spells: 2/2 levels left

rFire   . . .      SeeInvis .    a - +0 trident
rCold   . . .      Faith    .    (no shield)
rNeg    . . .      Spirit   .    b - +0 leather armour
rPois   .          Reflect  .    c - +0 helmet
rElec   .          Harm     .    (no cloak)
rCorr   .          Rampage  .    (no gloves)
Will    .....                    (no boots)
Stlth   +                        (no amulet)
HPRegen 0.24/turn                (no ring)
MPRegen 0.08/turn                (no ring)

@: sanguine armoured
A: foul stench 1, sanguine armour 1
a: no special abilities


You were on level 2 of the Dungeon.
You visited 1 branch of the dungeon, and saw 2 of its levels.

You collected 59 gold pieces.

Inventory:

Hand Weapons
 a - a +0 trident (weapon)
Missiles
 d - 3 throwing nets (quivered)
 e - a javelin
 n - 6 poisoned darts
Armour
 b - a +0 leather armour (worn)
 c - a +0 helmet (worn)
Scrolls
 f - 2 scrolls of silence {unknown}
 g - a scroll of torment {unknown}
 i - a scroll of poison {unknown}
 j - a scroll of identify {unknown}
 l - a scroll of teleportation {unknown}
Potions
 h - 2 potions of heal wounds {unknown}
 k - a potion of flight {unknown}
 m - a potion of degeneration {unknown}


   Skills:
 + Level 2.5 Fighting
 * Level 3.4 Polearms
 - Level 1.7 Throwing
 + Level 3.1 Dodging


You had 2 spell levels left.
You didn't know any spells.
Your spell library contained the following spells:

 Spells                   Type           Power      Damage    Failure   Level
 Sting                    Tmut/Pois      0%         1d3       45%         1
 Poisonous Vapours        Pois/Air       0%         N/A       58%         2
 Olgreb's Toxic Radiance  Pois           0%         N/A       99%         4


Dungeon Overview and Level Annotations

Branches:
Dungeon (2/15)

Altars:


Innate Abilities, Weirdness & Mutations

You may rarely emit foul miasma when damaged in melee.
When seriously injured, your blood forms armour. (AC +6)


Message History

You hit the orc.
The orc is heavily wounded.
The orc hits you with a +0 whip.
You hit the orc.
You kill the orc!
Something you can't see is in the way.
You puncture something! Something completely misses you.
Something you can't see is in the way.
You barely miss something. Something barely misses you.
You reach to attack!
You hit the orc.
The orc is heavily wounded.
Something hits you but does no damage. Something you can't see is in the way.
You miss something. Something hits you. Something you can't see is in the way.
You closely miss something. Something hits you.
Something you can't see is in the way.
You closely miss something. Something hits you.
Your blood congeals into armour.
Something hits you but does no damage.
You reach to attack!
You barely miss the orc.
The orc is heavily wounded.
Something hits you.
You reach to attack!
You hit the orc.
You kill the orc!
Something hits you.
* * * LOW HITPOINT WARNING * * *
You reach to attack!
You barely miss the orc. Something hits you but does no damage.
You completely miss something. Something hits you but does no damage.
You closely miss something. Something hits you.
* * * LOW HITPOINT WARNING * * *
You barely miss something.
You hear some strange, mumbled words.
A puff of flame appears from out of thin air!
The puff of flame hits you.
* * * LOW HITPOINT WARNING * * *
You closely miss something.
You hear some strange, mumbled words.
A magic dart appears from out of thin air!
The magic dart hits you!
You die...

#####.......#
##..###.###.#
#....<...##.# #.##
#.###.#
#.####......# #.#
#.##..# #.#
#.#.#### #+#
#...... #.####.#.#
... ####.##
#.##...#.## ....
#<# #..[......#
..... #.#
#.##.#....###).....
#..
#.#........@{o.....
....
#.........###......
#... #.......#.#
..... #.#.
#......##.# ....
.#.. #.#...###.#
... # ##
#.###.###.# +#
#.........#
#####.#####
#......#


You could see an orc.

Vanquished Creatures
  2 adders (D:2)
  2 orcs (D:2)
  3 bats (D:1)
  An endoplasm (D:1)
  2 giant cockroaches (D:1)
  A goblin (D:1)
  2 quokkas
  A frilled lizard (D:1)
  5 kobolds
  3 rats
22 creatures vanquished.

Notes
Turn   | Place    | Note
-------+----------+-------------------------------------------
     0 | D:1      | Absynth the Demonspawn Gladiator began the quest for the
                  | Orb.
     0 | D:1      | Reached XP level 1. HP: 16/16 MP: 1/1
   208 | D:1      | Gained mutation: When seriously injured, your blood forms
                  | armour. (AC +6) [demonic ancestry]
   208 | D:1      | Reached XP level 2. HP: 18/22 MP: 2/2
   563 | D:2      | Gained mutation: You may rarely emit foul miasma when
                  | damaged in melee. [demonic ancestry]
   563 | D:2      | Reached XP level 3. HP: 20/28 MP: 3/3
   577 | D:2      | Killed from afar by an orc wizard

Illustrated notes

Levels and vault maps discovered:
D:1:      dpeg_arrival_rooms_a, layout_rooms
D:2:      layout_loops_corners, uniq_crazy_yiuf_cottage

Skill      XL: |  1  2 |
---------------+-------+-----
Polearms       | 3 |  3.4
Dodging        | 3 |  3.1
Fighting       | |  2.5
Throwing       | |  1.7

Action                     || total
---------------------------++-------
  Melee: Trident           ||    81
         Punch             ||     2
 Armour: Leather armour    ||    20
  Dodge: Dodged            ||    32

Table legend: (Time is in decaauts)
 A = Elapsed time spent in this place.
 B = Non-inter-level travel time spent in this place.
 C = Inter-level travel time spent in this place.
 D = Time resting spent in this place.
 E = Time spent auto-exploring this place.
 F = Levels seen in this place.
 G = Mean time per level.
                   A        B        C        D        E       F      G
               +--------+--------+--------+--------+--------+-----+--------+
         Total |    589 |    565 |     24 |     28 |    370 |   2 |  294.5 |
       Dungeon |    589 |    565 |     24 |     28 |    370 |   2 |  294.5 |
               +--------+--------+--------+--------+--------+-----+--------+

Top non-repeatable levels by time:
     D:1: 419 daAuts
     D:2: 169 daAuts
